 Dungeon Crawl Stone Soup version 0.21.1-1-g345015f (webtiles) character file.

46 inc the Vexing (level 3, 14/14 HPs)
             Began as a Felid Enchanter on Feb 25, 2018.
             Quit the game on level 3 of the Dungeon.
             The game lasted 00:03:51 (2460 turns).

inc the Vexing (Felid Enchanter)                    Turns: 2460, Time: 00:03:52

Health: 14/14      AC:  1    Str:  4    XL:     3   Next: 46%
Magic:  7/7        EV: 18    Int: 17    God:
Gold:   132        SH:  0    Dex: 16    Spells: 3/6 levels left
                                        Lives:  0   Deaths: 1

rFire    . . .     SeeInvis +     - Unarmed
rCold    . . .     Gourm    .   (shield unavailable)
rNeg     . . .     Faith    .   (armour unavailable)
rPois    .         Spirit   .   (helmet unavailable)
rElec    .         Reflect  .   (cloak unavailable)
rCorr    .         Harm     .   (gloves unavailable)
MR       .....                  (boots unavailable)
Stlth    +++.......             (no amulet)
HPRegen  0.04/turn              (no ring)
MPRegen  0.10/turn              (no ring)

@: quick
A: very small, no armour, no weapons or thrown items, stealth, claws 1, fangs 3,
see invisible, carnivore, speed 1, shaggy fur 1, slow metabolism 1, sharp paws
a: no special abilities


You were on level 3 of the Dungeon.
You were not hungry.

You visited 1 branch of the dungeon, and saw 3 of its levels.

You collected 132 gold pieces.

Inventory:

Scrolls
 d - 4 scrolls of enchant weapon {unknown}
 g - 3 scrolls of identify {unknown}
 h - a scroll of enchant armour {unknown}
 i - a scroll of amnesia {unknown}
 j - a scroll of magic mapping {unknown}
 l - a scroll of noise {unknown}
 n - a scroll of remove curse {unknown}
Potions
 c - a potion of flight {unknown}
 e - a potion of lignification {unknown}
 f - a potion of degeneration {unknown}
 k - a potion of curing {unknown}
 m - a potion of mutation {unknown}
Books
 a - a book of Maledictions

   Spells                             Type                      Level
   a - Corona                         Hexes                        1
   b - Ensorcelled Hibernation        Hexes/Ice                    2
   c - Confuse                        Hexes                        3
   d - Tukima's Dance                 Hexes                        3
   e - Dazzling Spray                 Conjuration/Hexes            3
Comestibles
 b - 8 rations


   Skills:
 - Level 2.6 Dodging
 - Level 4.0 Stealth
 + Level 4.4 Unarmed Combat
 - Level 2.0 Spellcasting
 - Level 4.4 Hexes


You had 3 spell levels left.
You knew the following spells:

 Your Spells              Type           Power        Failure   Level  Hunger
a - Corona                Hex            ###....      3%          1    #......
b - Ensorcelled Hibernat  Hex/Ice        #.....       12%         2    ###....


Dungeon Overview and Level Annotations

Branches:
Dungeon (3/15)

Altars:
Zin


Innate Abilities, Weirdness & Mutations

You cannot wear armour.
You are incapable of wielding weapons or throwing items.
Your paws allow you to move quietly. (Stealth)
You have sharp claws.
You have razor-sharp teeth.
You have supernaturally acute eyesight. (SInv)
You are carnivorous and can eat meat at any time.
You cover ground quickly.
You are covered in fur. (AC +1)
You have a slow metabolism.
Your sharp claws are effective at attacking unaware monsters.


Message History

The orc wizard is heavily wounded.
The orc wizard misses you.
You scratch the orc wizard.
You claw the orc wizard, but do no damage.
You bite the orc wizard.
The orc wizard is almost dead.
The orc wizard stops glowing.
The orc wizard hits you with a dagger.
You closely miss the orc wizard.
The orc wizard is almost dead.
The orc wizard points at you and mumbles some strange words.
The magic dart hits you!
* * * LOW HITPOINT WARNING * * *
You scratch the orc wizard.
The orc wizard is almost dead.
The orc wizard hits you with a dagger.
You die...
You are now level 3!
You rejoin the land of the living...
Unknown command.
Are you sure you want to abandon this character and quit the game? (Confirm with "yes".)

#.................##.#
###.###
#........#####.......###...#
##......>.# ##....#...#.###
.#...[....#
#.##........###...
..........#
#.####....<.......
#...#.###.# ##.#
#.###.####... ###...# #.#
..###..# #... ...#..#
.##.###.....## ##### .w....#
.......@#### ......#
..##.#### .....###.
.........# ..........
.....##.... .....# ..#.
........#.. ...#.... ..


There were no monsters in sight!

Vanquished Creatures
  An orc wizard (D:3)
  3 adders (D:2)
  An ooze (D:1)
  2 leopard geckos
  2 orcs (D:3)
  2 giant cockroaches (D:2)
  5 goblins (D:2)
  4 hobgoblins
  2 jackals (D:2)
  A quokka (D:2)
  5 bats
  3 frilled lizards
  5 kobolds
  3 rats (D:2)
39 creatures vanquished.

Notes
Turn   | Place    | Note
-------+----------+-------------------------------------------
     0 | D:1      | inc the Felid Enchanter began the quest for the Orb.
     0 | D:1      | Reached XP level 1. HP: 7/7 MP: 4/4
   455 | D:1      | Reached XP level 2. HP: 10/11 MP: 6/6
   488 | D:1      | Learned a level 2 spell: Ensorcelled Hibernation
   776 | D:2      | Found a glowing silver altar of Zin.
   850 | D:2      | Reached XP level 3. HP: 9/14 MP: 1/7
  1750 | D:3      | Reached XP level 4. HP: 15/18 MP: 3/8
  2459 | D:3      | Slain by an orc wizard
  2460 | D:3      | Reached XP level 3. HP: 0/14 MP: 1/7
  2460 | D:3      | Quit the game

Skill      XL: |  1  2  3  4 |
---------------+-------------+-----
Unarmed Combat | 2 3 4 |  4.4
Dodging        | |  2.6
Stealth        | |  4.0
Spellcasting   | |  2.0
Hexes          | |  4.4

Action                   |  1- 3 |  4- 6 || total
-------------------------+-------+-------++-------
Melee: Unarmed           |    70 |    19 ||    89
       Punch             |     1 |     1 ||     2
       Bite              |     2 |     3 ||     5
 Cast: Corona            |     1 |     1 ||     2
       Ensorcelled Hiber |    21 |    13 ||    34
 Stab: Sleeping          |    21 |     4 ||    25
  Eat: Chunk             |     1 |     2 ||     3
Armor: Skin              |     8 |       ||     8
Dodge: Dodged            |    69 |    16 ||    85
